 Dungeon Crawl Stone Soup version 0.19-a0-644-gd04d753 (webtiles) character file.

356 Skanax the Firebug (level 6, -12/46 HPs)
             Began as a Draconian Fire Elementalist on June 14, 2016.
             Was an Initiate of Vehumet.
             Killed from afar by Ijyb (22 damage)
             ... with a wand of lightning
             ... on level 4 of the Dungeon.
             The game lasted 00:26:22 (4517 turns).

Skanax the Firebug (Draconian Fire Elementalist)    Turns: 4517, Time: 00:26:23

Health: -12/46     AC:  9    Str: 11    XL:     6   Next: 36%
Magic:  3/11       EV: 13    Int: 17    God:    Vehumet [......]
Gold:   84         SH:  5    Dex: 13    Spells: 3 memorised, 6 levels left

rFire  . . .     SeeInvis .     l - +3 mace (holy)
rCold  . . .     Gourm    .     (armour unavailable)
rNeg   . . .     Faith    .     (no shield)
rPois  .         Spirit   .     (helmet restricted)
rElec  .         Dismiss  .     (no cloak)
rCorr  .         Reflect  +     (no gloves)
SustAt .         Harm     .     e - +2 pair of boots
MR     .....                    k - +5 amulet of reflection
Stlth  ++........               c - ring of flight
                                o - +2 ring of dexterity

@: very slightly contaminated, not resistant to hostile enchantments, unstealthy
A: unfitting armour, cold-blooded, AC +6
a: Renounce Religion, Evoke Flight


You were on level 4 of the Dungeon.
You worshipped Vehumet.
Vehumet was noncommittal.
You were not hungry.

You visited 1 branch of the dungeon, and saw 4 of its levels.

You collected 84 gold pieces.

Inventory:

Hand Weapons
 l - a +3 mace of holy wrath (weapon)
Missiles
 g - 9 tomahawks (quivered)
Armour
 e - a +2 pair of boots (worn)
Jewellery
 c - a ring of flight (right hand)
 k - a +5 amulet of reflection (around neck)
 o - a +2 ring of dexterity (left hand)
Wands
 s - a wand of flame (7/48)
Scrolls
 b - 4 scrolls of identify
 p - a scroll of recharging
 q - a scroll of fog
 r - a scroll of amnesia
 u - a scroll of remove curse
Potions
 d - a potion of flight
 n - 2 potions of brilliance
Books
 a - a book of Flames

   Spells                             Type                      Level
   a - Flame Tongue                   Conjuration/Fire             1
   b - Throw Flame                    Conjuration/Fire             2
   c - Conjure Flame                  Conjuration/Fire             3
   d - Inner Flame                    Hexes/Fire                   3
   e - Sticky Flame                   Conjuration/Fire             4
   f - Fireball                       Conjuration/Fire             5
Comestibles
 f - 2 meat rations
 i - a slice of pizza
 j - a beef jerky
 m - a fruit


   Skills:
 + Level 0.7 Fighting
 + Level 0.4 Maces & Flails
 + Level 1.2 Throwing
 + Level 2.9 Dodging
 + Level 2.2 Stealth
 + Level 0.4 Unarmed Combat
 + Level 3.5 Spellcasting
 + Level 2.7 Conjurations
 + Level 4.3 Fire Magic


You had 6 spell levels left.
You knew the following spells:

 Your Spells              Type           Power        Failure   Level  Hunger
a - Flame Tongue          Conj/Fire      ###..        4%          1    None
b - Throw Flame           Conj/Fire      ###...       10%         2    ##.....
c - Conjure Flame         Conj/Fire      ###.....     14%         3    ###....


Dungeon Overview and Level Annotations

Branches:
Dungeon (4/15)
 Temple: D:4-7

Altars:
Cheibriados
Makhleb
Okawaru
Trog
Vehumet
The Shining One

Shops:
D:4 %

Annotations:
D:4 Ijyb


Innate Abilities, Weirdness & Mutations

Your plain brown scales are hard. (AC +6)
Your body does not fit into most forms of armour.
You are cold-blooded and may be slowed by cold attacks.


Message History

Ijyb hits you. The adder bites you but does no damage.
You block the adder's attack.
Ijyb screams, "No!
No, no, no, no!"
Ijyb hits you but does no damage. You block the adder's attack.
The adder misses you. The adder bites you but does no damage.
Ijyb zaps a wand.
The bolt of lightning hits the adder.
The adder dies!
The bolt of lightning hits you!
* * * LOW HITPOINT WARNING * * *
The bolt of lightning misses you.
There is an open door here.
The goblin shoots a stone.
The stone hits you.
* * * LOW HITPOINT WARNING * * *
You see here a stone.
You feel better.
You hit Ijyb.
Ijyb is heavily wounded.
Ijyb zaps a wand.
The bolt of lightning hits you!
You die...

#...........##
#.....w......#
######.###...#
#######w###..##
#.............#
#........†....#
#.###.####g######
.###.###.####g###..#
.........#...@.'...#
.........#.....#...#
######..####.##..##
###..###'##########
+....#......#
#....#......#
#....'......#
#....#......# .
#....#......#


You could see Ijyb and a goblin.

Vanquished Creatures
  A howler monkey (D:4)
  A crimson imp (D:4)
  An orc priest (D:3)
  A centaur skeleton (D:4)
  An orc wizard (D:3)
  A worker ant (D:3)
  2 hound skeletons (D:4)
  4 adders
  2 oozes
  4 worms
  5 dart slugs
  2 giant geckos
  4 orcs
  4 giant cockroaches
  10 goblins
  7 hobgoblins
  3 jackals (D:1)
  8 kobolds
  2 quokkas (D:3)
  3 ball pythons
  13 bats
  4 giant newts
  7 rats
90 creatures vanquished.

Vanquished Creatures (others)
  An adder (D:4)
1 creature vanquished.

Grand Total: 91 creatures vanquished

Notes
Turn   | Place    | Note
--------------------------------------------------------------
     0 | D:1      | Skanax the Draconian Fire Elementalist began the quest for the Orb.
     0 | D:1      | Reached XP level 1. HP: 14/14 MP: 3/3
   385 | D:1      | Reached XP level 2. HP: 14/20 MP: 0/5
   674 | D:1      | Learned a level 2 spell: Throw Flame
   722 | D:1      | Reached XP level 3. HP: 13/26 MP: 0/6
  1801 | D:2      | Reached XP level 4. HP: 33/33 MP: 3/7
  2588 | D:3      | Reached skill level 1 in Throwing
  2737 | D:3      | Reached XP level 5. HP: 17/39 MP: 0/9
  2750 | D:3      | Found an iron altar of Okawaru.
  3099 | D:3      | Reached skill level 4 in Fire Magic
  3298 | D:3      | Found a snail-covered altar of Cheibriados.
  3652 | D:3      | Found a glowing golden altar of the Shining One.
  3662 | D:3      | Found a bloodstained altar of Trog.
  4120 | D:4      | Found a radiant altar of Vehumet.
  4121 | D:4      | Found a burning altar of Makhleb.
  4130 | D:4      | Reached XP level 6. HP: 46/46 MP: 10/10
  4147 | D:4      | Became a worshipper of Vehumet
  4199 | D:4      | Found Biskic's Food Boutique.
  4433 | D:4      | Learned a level 3 spell: Conjure Flame
  4488 | D:4      | Noticed Ijyb
  4517 | D:4      | Killed from afar by Ijyb

Vault maps used:
D:1:      dpeg_arrival_windows_large_door, minivault_23
D:2:      kennysheep_generic_room_6
D:3:      old_standard_altar, marbit_many_paths, grunt_temple_overflow_open
D:4:      kennysheep_the_goblin_king,
          grunt_temple_overflow_lords_of_destruction, first_bread, serial_shops,
          nicolae_shop_temple_entry_statues_fountains

Skill      XL: |  1  2  3  4  5 |
---------------+----------------+-----
Dodging        | 2 |  2.9
Stealth        | 2 |  2.2
Throwing       | 1 |  1.2
Spellcasting   | 3 |  3.5
Fire Magic     | 4 |  4.3
Conjurations   | 2 |  2.7
Fighting       | |  0.7
Maces & Flails | |  0.4
Unarmed Combat | |  0.4

Action                   |  1- 3 |  4- 6 || total
-------------------------+-------+-------++-------
Melee: Unarmed           |    46 |       ||    46
       Tailslap          |     4 |     5 ||     9
       Mace              |       |    42 ||    42
       Punch             |       |     1 ||     1
Throw: Tomahawk          |    14 |    18 ||    32
 Cast: Flame Tongue      |    45 |    41 ||    86
       Throw Flame       |    20 |    47 ||    67
       Conjure Flame     |       |     1 ||     1
  Use: Potion            |     3 |     6 ||     9
       Scroll            |     6 |    12 ||    18
 Stab: Sleeping          |       |     1 ||     1
  Eat: Bread ration      |     1 |     2 ||     3
       Chunk             |       |     6 ||     6
       Fruit             |       |     1 ||     1
Armor: Skin              |    37 |    19 ||    56
Dodge: Dodged            |    63 |    34 ||    97
Block: Other             |       |     8 ||     8
       Reflection        |       |     1 ||     1
